 Dungeon Crawl Stone Soup version 0.23-a0-352-geaabbf3 (webtiles) character file.

27 Cryolive the Vandal (level 3, 0/24 HPs)
             Began as a Halfling Hunter on Oct 20, 2018.
             Succumbed to an adder's poison
             ... on level 2 of the Dungeon.
             The game lasted 00:03:41 (1261 turns).

Cryolive the Vandal (Halfling Hunter)               Turns: 1261, Time: 00:03:42

Health: 0/24       AC:  3    Str: 13    XL:     3   Next: 25%
Magic:  3/3        EV: 14    Int:  9    God:
Gold:   72         SH:  2    Dex: 15    Spells: 2/2 levels left

rFire    . . .     SeeInvis .   a - +1 hunting sling
rCold    . . .     Gourm    .   (shield restricted)
rNeg     . . .     Faith    .   c - +0 leather armour
rPois    .         Spirit   .   (no helmet)
rElec    .         Reflect  +   (no cloak)
rCorr    .         Harm     .   (no gloves)
MR       .....                  (no boots)
Stlth    ++........             e - +2 amulet of reflection
HPRegen  0.08/turn              (no ring)
MPRegen  0.08/turn              (no ring)

@: lethally poisoned (0 -> -12)
A: small, mutation resistance 1
a: no special abilities


You were on level 2 of the Dungeon.
You were very full.

You visited 1 branch of the dungeon, and saw 2 of its levels.

You collected 72 gold pieces.

Inventory:

Hand Weapons
 a - a +1 hunting sling (weapon)
 b - a +0 short sword
Missiles
 d - 8 sling bullets (quivered)
 g - 95 stones
Armour
 c - a +0 leather armour (worn)
Jewellery
 e - a +2 amulet of reflection (around neck)
Scrolls
 i - a scroll of blinking
Comestibles
 f - 4 rations


   Skills:
 + Level 2.0 Fighting
 + Level 6.9 Slings
 + Level 0.5 Armour
 + Level 2.2 Dodging
 + Level 1.1 Stealth


You had 2 spell levels left.
You didn't know any spells.
Your spell library was empty.

Dungeon Overview and Level Annotations

Branches:
Dungeon (2/15)

Altars:


Innate Abilities, Weirdness & Mutations

You are small and have problems with some larger weapons.
You are somewhat resistant to further mutation.


Message History

Press: ? - help, Dir - move target cursor, f - you
Okay, then.
As you read the scroll labeled EBEIX NISIECK, it crumbles to dust.
It was a scroll of blinking.
* * * LOW HITPOINT WARNING * * *
You feel sick.
e - a +2 amulet of reflection (around neck)
You eat one of the 5 rations.
That ration really hit the spot!
* * * LOW HITPOINT WARNING * * *
You feel sick.
As you read the scroll labeled TAILIUH IPTAU, it crumbles to dust.
You feel blessed for a moment.
It was a scroll of remove curse.
* * * LOW HITPOINT WARNING * * *
You feel sick.
As you read the scroll labeled TEUFIN YTUD LOUC, it crumbles to dust.
It is a scroll of amnesia.
You feel forgetful for a moment.
* * * LOW HITPOINT WARNING * * *
You feel sick.
You die...

.#### .# .# .# .# .#
.. .# .# .# ########
(# .# #....<.# (#
.####.####<# #####(#
.........#.###..@..#
#####.##.......#####
#.####.#####
#......# ########


There were no monsters in sight!

Vanquished Creatures
  An adder (D:2)
  A worm (D:2)
  A leopard gecko (D:1)
  2 giant cockroaches (D:1)
  2 hobgoblins
  3 bats
  A frilled lizard (D:1)
  2 goblins (D:1)
  2 rats (D:1)
15 creatures vanquished.

Notes
Turn   | Place    | Note
-------+----------+-------------------------------------------
     0 | D:1      | Cryolive the Halfling Hunter began the quest for the Orb.
     0 | D:1      | Reached XP level 1. HP: 14/14 MP: 1/1
    25 | D:1      | Reached skill level 6 in Slings
   297 | D:1      | Reached XP level 2. HP: 19/19 MP: 2/2
  1255 | D:2      | Reached XP level 3. HP: 8/24 MP: 3/3
  1260 | D:2      | HP: 1/24 [poisoned by an adder]
  1261 | D:2      | Succumbed to an adder's poison

Vault maps used:
D:1:      mainiacjoe_arrival_reflecting_pool, serial_forest,
          infiniplex_forest_zigzag_1, infiniplex_forest_lined_2,
          infiniplex_forest_zigzag_2, infiniplex_forest_end_1,
          infiniplex_forest_end_2, infiniplex_forest_lined_room_3
D:2:      lightli_temple_of_fire, eat_drink_and_be_merry_uskayaw, uniq_terence

Skill      XL: |  1  2 |
---------------+-------+-----
Slings         | 6 |  6.9
Fighting       | 2 |  2.0
Armour         | |  0.5
Dodging        | |  2.2
Stealth        | |  1.1

Action                   || total
-------------------------++-------
 Fire: Hunting sling     ||    30
  Use: Scroll            ||     3
  Eat: Ration            ||     2
Armor: Leather armour    ||     1
Dodge: Dodged            ||     3

Table legend:
 A = Non-vault XP
 B = Vault XP
 C = Vault XP percentage of total XP
 D = Non-vault monster count
 E = Vault monster count
 F = Vault count percentage of total count
                 A         B        C        D         E       F
            +---------+---------+-------+---------+---------+-------
      Total |      39 |       0 |   0.0 |      15 |       0 |   0.0
            +---------+---------+-------+---------+---------+-------
        D:1 |      17 |       0 |   0.0 |      11 |       0 |   0.0
        D:2 |      22 |       0 |   0.0 |       4 |       0 |   0.0
            +---------+---------+-------+---------+---------+-------
